Map: 世界主宰-天梯版

Players

网上打老虎哟

  • Race: Protoss Protoss
  • League: Diamond

cooper - Winner!

  • Race: Zerg Zerg
  • League: Gold

VOD

Have the link to the VOD?

Description

Time

  • Played on: July 10, 2021, 5:09 a.m.
  • Length: 21:24
Show
View Real Time Build Order
Export as new Build Order

网上打老虎哟 Protoss 

Build Orders: Colossus Rush 

Get SALT Encoding   

  12  0:00  Probe (Chrono Boost)  
  13  0:13  Probe (Chrono Boost)  
  14  0:18  Probe (Chrono Boost)  
  15  0:29  Pylon  
  15  0:47  Probe  
  16  0:54  Gateway  
  16  0:59  Probe  
  16  1:01  Gateway  
  17  1:06  Pylon  
  17  1:11  Probe (Chrono Boost)  
  18  1:14  Assimilator  
  18  1:23  Probe (Chrono Boost)  
  19  1:30  Probe (Chrono Boost)  
  20  1:37  Probe  
  21  1:49  Probe  
  22  1:54  Cybernetics Core  
  22  2:07  Zealot  
  24  2:10  Zealot  
  24  2:12  Pylon  
  26  2:16  Probe (Chrono Boost)  
  27  2:26  Probe (Chrono Boost)  
  28  2:31  Probe (Chrono Boost)  
  29  2:40  Sentry  
  29  2:43  Zealot  
  33  2:48  Probe  
  33  2:50  Assimilator  
  34  2:53  Pylon  
  34  3:03  Robotics Facility  
  34  3:09  Shield Battery  
  34  3:11  Probe  
  35  3:16  Nexus  
  35  3:23  Probe  
  35  3:27  Assimilator  
  36  3:31  Pylon  
  36  3:32  Warp Gate (Chrono Boost)  
  36  3:35  Probe  
  37  3:47  Probe  
  38  3:52  Assimilator  
  38  3:53  Observer  
  39  3:59  Probe  
  40  4:04  Pylon  
  40  4:11  Probe, Zealot x2  
  40  4:15  Observer  
  46  4:23  Probe  
  47  4:31  Probe  
  47  4:36  Probe  
  49  4:43  Robotics Bay  
  49  4:48  Probe x2  
  51  4:53  Gateway  
  51  4:54  Gateway  
  51  4:55  Gateway  
  51  5:00  Probe x2  
  51  5:02  Stalker  
  55  5:30  Robotics Facility  
  55  5:31  Colossus (Chrono Boost)  
  55  5:32  Stalker  
  63  5:47  Sentry x2  
  67  5:55  Probe x2  
  68  6:09  Extended Thermal Lance  
  68  6:16  Pylon  
  68  6:32  Probe x2  
  70  6:37  Colossus  
  76  6:44  Probe  
  76  6:46  Probe  
  78  6:51  Nexus  
  78  6:53  Pylon  
  78  6:55  Pylon  
  78  6:58  Assimilator  
  78  7:03  Assimilator  
  78  7:04  Pylon  
  78  7:09  Robotics Facility  
  78  7:11  Probe x2  
  78  7:13  Sentry  
  78  7:14  Sentry  
  84  7:15  Stalker x2  
  84  7:16  Stalker  
  90  7:22  Shield Battery  
  90  7:23  Probe x2  
  90  7:24  Shield Battery  
  92  7:31  Forge  
  92  7:35  Probe, Gateway  
  92  7:36  Gateway  
  93  7:47  Colossus  
  99  7:59  Pylon  
  99  8:02  Colossus  
  99  8:10  Pylon, Forge  
  99  8:11  Probe x2, Forge  
  99  8:12  Probe  
  102  8:20  Protoss Ground Weapons Level 1  
  84  8:51  Probe x2, Shield Battery  
  84  8:52  Probe  
  84  8:53  Shield Battery, Stalker  
  84  8:54  Stalker  
  84  8:55  Sentry x4  
  97  8:56  Sentry  
  101  9:03  Probe  
  101  9:07  Photon Cannon  
  101  9:09  Photon Cannon  
  103  9:10  Probe x2  
  103  9:11  Photon Cannon  
  103  9:14  Colossus  
  103  9:15  Probe  
  111  9:18  Sentry  
  111  9:22  Protoss Ground Armor Level 1 (Chrono Boost), Zealot x2  
  108  10:22  Pylon  
  108  10:27  Photon Cannon  
  108  10:29  Photon Cannon  
  108  10:31  Sentry x3  
  108  10:33  Stalker x4  
  108  10:34  Protoss Shields Level 1 (Chrono Boost)  
  122  10:37  Nexus  
  122  10:45  Twilight Council  
  122  10:46  Gravitic Boosters  
  122  10:47  Observer  
  122  10:49  Observer  
  124  10:50  Observer  
  124  10:53  Probe x3  
  128  11:04  Stalker x2  
  132  11:17  Pylon  
  132  11:18  Pylon  
  132  11:19  Pylon  
  132  11:20  Pylon  
  132  11:21  Pylon  
  132  11:23  Pylon x2  
  132  11:25  Pylon  
  132  11:26  Assimilator  
  132  11:30  Assimilator  
  132  11:34  Colossus  
  132  11:36  Colossus x2  
  129  12:11  Protoss Ground Armor Level 2, Protoss Ground Weapons Level 2  
  129  12:37  Pylon  
  129  12:38  Charge  
  129  12:53  Probe x3  
  129  12:56  Observer x4  
  132  13:03  Photon Cannon  
  132  13:05  Probe x2, Photon Cannon  
  134  13:07  Photon Cannon  
  134  13:08  Stalker x3  
  134  13:09  Stalker x4  
  134  13:10  Photon Cannon  
  134  13:11  Observer x4  
  134  13:12  Photon Cannon  
  148  13:28  Nexus  
  148  13:51  Protoss Shields Level 2 (Chrono Boost)  
  148  13:57  Pylon  
  148  14:11  Observer  
  148  14:12  Pylon  
  148  14:14  Pylon  
  148  14:16  Pylon  
  108  14:26  Stalker x3  
  108  14:27  Stalker x2  
  118  14:36  Stalker x2  
  98  15:12  Stalker  
  98  15:13  Stalker x4  
  108  15:15  Sentry x2  
  112  15:37  Shield Battery  
  112  15:38  Shield Battery  
  112  15:41  Shield Battery  
  112  15:48  Zealot  
  112  15:49  Nexus, Zealot x3  
  120  15:50  Zealot x3  
  117  16:13  Photon Cannon  
  117  16:14  Probe  
  117  16:15  Probe x2, Photon Cannon  
  117  16:17  Protoss Ground Weapons Level 3 (Chrono Boost), Photon Cannon  
  120  16:19  Protoss Ground Armor Level 3 (Chrono Boost)  
  120  16:23  Observer  
  120  16:26  Probe  
  120  16:27  Probe  
  120  16:28  Sentry x3  
  120  16:31  Zealot x2  
  132  16:49  Probe x2  
  132  16:50  Probe  
  135  17:01  Probe  
  135  17:02  Probe x2  
  135  17:04  Observer  
  130  17:14  Probe  
  107  17:29  Stalker x5  
  117  17:30  Stalker x2  
  117  17:32  Protoss Shields Level 3 (Chrono Boost)  
  121  17:43  Pylon  
  121  17:58  Sentry x2  
  121  17:59  Sentry  
  121  18:02  Probe x2  
  129  18:06  Assimilator  
  129  18:07  Probe, Assimilator  
  130  18:14  Sentry  
  130  18:17  Zealot  
  130  18:18  Zealot x2  
  130  18:19  Probe  
  139  18:22  Sentry  
  141  18:32  Probe  
  132  19:14  Sentry  
  132  19:15  Sentry  
  132  19:16  Zealot x4  
  132  19:17  Zealot  
  146  19:20  Probe x3  
  149  19:34  Gateway x2  
  149  19:36  Gateway  
  149  19:38  Probe x2  
  151  19:40  Gateway  
  151  19:42  Gateway  
  151  19:44  Gateway  
  151  19:45  Sentry  
  151  19:46  Sentry x4  
  151  19:47  Sentry  
  151  19:49  Nexus  
  151  19:51  Probe x2, Pylon  
  165  19:53  Pylon  
  165  19:55  Pylon  
  165  20:09  Probe  
  166  20:17  Photon Cannon  
  166  20:19  Photon Cannon  
  166  20:23  Probe x3, Shield Battery  
  169  20:32  Pylon  
  169  20:34  Pylon  
  169  20:35  Probe  
  170  20:37  Sentry x4  
  170  20:40  Stalker x2  
  182  20:43  Sentry  
  184  20:51  Observer  
  184  20:52  Observer x2  
Show
View Real Time Build Order
Export as new Build Order

cooper Zerg - Winner!

Build Orders: Hatch First, Lurkers 

Get SALT Encoding   

  12  0:00  Drone  
  13  0:12  Overlord  
  13  0:16  Drone  
  14  0:30  Drone x2  
  16  0:49  Hatchery  
  15  0:53  Drone  
  15  0:56  Drone  
  17  1:01  Drone  
  18  1:11  Extractor  
  18  1:17  Spawning Pool  
  17  1:18  Drone  
  17  1:22  Drone  
  18  1:27  Drone  
  19  1:42  Drone  
  20  1:49  Overlord  
  20  2:04  Queen x2  
  20  2:06  Zergling x4  
  26  2:17  Drone x2  
  26  2:22  Drone  
  29  2:26  Drone  
  30  2:33  Drone  
  30  2:34  Overlord  
  31  2:46  Queen  
  31  2:48  Drone x2  
  35  2:54  Drone  
  35  2:56  Drone  
  37  3:03  Lair  
  37  3:05  Drone  
  38  3:06  Overlord  
  38  3:16  Drone x4  
  42  3:24  Evolution Chamber  
  42  3:26  Evolution Chamber  
  40  3:28  Drone x2  
  40  3:29  Drone x2  
  40  3:33  Metabolic Boost  
  44  3:40  Extractor  
  44  3:41  Drone x2  
  44  3:42  Extractor  
  44  3:47  Overlord  
  44  3:49  Drone x2  
  44  3:50  Drone x3  
  44  3:53  Zerg Missile Weapons Level 1  
  49  4:02  Overlord  
  49  4:04  Overlord  
  49  4:14  Hydralisk Den  
  48  4:20  Hatchery  
  47  4:28  Zergling x2  
  47  4:29  Zergling x16  
  56  4:36  Extractor  
  55  4:40  Drone  
  56  4:46  Muscular Augments  
  56  4:53  Baneling Nest  
  55  5:00  Zerg Ground Armor Level 1  
  55  5:06  Queen  
  57  5:15  Drone x6  
  63  5:30  Drone x4  
  63  5:31  Drone x2  
  69  5:56  Hatchery  
  69  5:57  Zerg Missile Weapons Level 2  
  68  5:58  Hydralisk x7  
  82  6:06  Centrifical Hooks  
  74  6:30  Extractor, Drone  
  74  6:31  Drone x2  
  73  6:32  Extractor  
  73  6:33  Overlord x3  
  73  6:34  Overlord  
  72  6:47  Grooved Spines  
  72  7:04  Drone x5  
  72  7:05  Drone  
  78  7:15  Drone x6  
  84  7:16  Drone x2  
  84  7:18  Queen  
  88  7:24  Queen, Hatchery  
  88  7:29  Hydralisk x2  
  91  7:30  Hydralisk x9  
  111  7:48  Overlord x2  
  111  7:49  Overlord  
  111  8:24  Zerg Ground Armor Level 2  
  93  8:45  Hydralisk x7  
  93  8:46  Hydralisk x10  
  123  8:52  Zergling x8  
  123  8:53  Zergling x30  
  142  9:06  Overlord x3  
  142  9:07  Overlord  
  142  9:09  Zerg Melee Weapons Level 1  
  142  9:23  Infestation Pit  
  93  10:00  Hatchery  
  83  10:19  Zergling x18  
  83  10:20  Zergling x62  
  83  10:21  Zergling x12  
  129  10:27  Hydralisk x2  
  129  10:28  Hydralisk  
  135  10:51  Hydralisk x11  
  157  10:59  Baneling  
  157  11:00  Baneling x29  
  157  11:06  Lurker Den  
  156  11:15  Overlord x2  
  156  11:16  Hydralisk x5  
  156  11:17  Hydralisk x4  
  142  11:57  Hydralisk x11  
  142  11:58  Hydralisk x2  
  165  12:08  Extractor  
  164  12:10  Extractor  
  164  12:11  Queen  
  146  12:28  Spire  
  145  12:40  Zergling x10  
  145  12:41  Zergling x50  
  175  12:54  Lurker x6  
  181  13:06  Zerg Melee Weapons Level 2  
  181  13:10  Hive  
  181  13:36  Lurker  
  181  13:41  Baneling x13  
  182  13:42  Baneling x8  
  182  13:51  Corruptor x2  
  182  13:53  Overlord x2  
  182  13:54  Overlord x2  
  174  14:23  Zergling x18  
  174  14:24  Zergling x16  
  162  14:36  Overlord  
  162  14:37  Overlord x5  
  162  14:38  Overlord  
  162  14:40  Hydralisk, Zergling x2  
  162  14:41  Hydralisk x4  
  173  14:46  Drone x2  
  173  14:47  Drone  
  124  15:11  Zergling x16  
  124  15:12  Hydralisk, Zergling x6  
  124  15:13  Hydralisk x2  
  133  15:20  Drone x4  
  133  15:21  Drone  
  138  15:27  Adaptive Talons  
  138  15:58  Hatchery  
  125  16:21  Viper x2  
  125  16:23  Viper  
  134  16:25  Hydralisk  
  134  16:26  Hydralisk x16  
  168  16:39  Extractor  
  121  17:18  Zergling x16  
  121  17:19  Zergling x58  
  135  17:26  Overlord  
  133  17:43  Zergling x28  
  133  17:44  Zergling x12  
  153  17:53  Drone x7  
  153  17:54  Drone x3  
  163  18:00  Hydralisk x3  
  169  18:06  Drone x4  
  173  18:33  Extractor  
  102  19:03  Hydralisk x15  
  102  19:04  Hydralisk x9  
  102  19:06  Hydralisk  
  140  19:12  Drone  
  141  19:27  Hydralisk x6  
  141  19:28  Hydralisk x4  
  161  19:34  Viper x2  
  161  19:35  Viper x2  
  173  19:47  Lurker x4  
  173  19:48  Lurker x6  
  173  19:49  Lurker x2  
  185  19:54  Seismic Spines  
  185  20:09  Lurker  
  185  20:10  Lurker x5  
  191  20:33  Queen  
  193  20:45  Hatchery  
  193  20:48  Extractor  
  191  20:50  Extractor  
Tags
 
Add a new tag
Caveats
  • Supply blocks, unpowered buildings, or Contaminate may cause inaccurate times.
  • Supply counts are checked every 10 seconds.